Lightning vs Sabres

Created - November 24, 2015 at 18:40

Goals
1 2 3 T
Lightning 1 0 1 2
Sabres 2 1 1 4
Shots
1 2 3 T
Lightning 12 7 9 28
Sabres 9 14 12 35

1st period

1. Sabres , Thomas Vanek 7 (Oliver Ekman-Larsson, Josh Gorges) at 0:22
2. Lightning , Nick Spaling 2 (Tobias Rieder, Andrej Sekera) at 2:50
3. Sabres , Nazem Kadri 5 (Braydon Coburn, Francois Beauchemin) at 4:05

Penalties :
Rasmus Ristolainen (BUF) for Interference (Minor) at 8:33, Oliver Ekman-Larsson (BUF) for Hooking (Minor) at 10:40, Erik Gudbranson (TBL) for Hooking (Minor) at 17:31

2nd period

4. Sabres , Kyle Turris 10 (Francois Beauchemin, Oliver Ekman-Larsson) at 11:35 (PP)

Penalties :
Henrik Sedin (TBL) for Tripping (Minor) at 10:42, Patric Hornqvist (TBL) for Boarding (Minor) at 15:01

3rd period

5. Sabres , Lars Eller 1 (Kris Versteeg, Braydon Coburn) at 11:50 (SH)
6. Lightning , Travis Zajac 7 (Christian Ehrhoff, John Gaudreau) at 18:43 (PP)

Penalties :
Christian Ehrhoff (TBL) for Hooking (Minor) at 3:19, Maxime Talbot (TBL) for Holding (Minor) at 6:02, Daniel Winnik (BUF) for Hooking (Minor) at 11:18, Oliver Ekman-Larsson (BUF) for Tripping (Minor) at 17:28

Goalie Stats

Jaroslav Halak (TBL), 31 saves from 35 shots - (0.886), L, 7-11-2, 60:00 minutes
Ondrej Pavelec (BUF), 26 saves from 28 shots - (0.929), W, 10-7-2, 60:00 minutes

Players Stats for Lightning

Player Name              G  A  P  +/- PIM S  H  SB GA TA FO     MP     PP MP  PK MP  
------------------------------------------------------------------------------------
Andre Benoit             0  0  0  -1  0   0  0  2  0  0  0/0    16:10   0:00   1:44 
Andrej Sekera            0  1  1   0  0   1  0  0  0  0  0/0    20:20   4:35   4:49 
Brad Hunt                0  0  0  -1  0   0  1  1  0  0  0/0    15:11   0:00   0:45 
Christian Ehrhoff        0  1  1  -1  2   0  3  1  0  0  0/0    24:17   2:37   3:04 
David Schlemko           0  0  0   0  0   0  1  1  0  0  0/0     3:44   0:00   3:44 
Eric Fehr                0  0  0   1  0   3  0  0  0  0  2/2     7:58   0:00   0:41 
Erik Gudbranson          0  0  0   1  2   0  1  1  0  0  0/0    19:05   2:37   3:32 
Hampus Lindholm          0  0  0  -2  0   0  0  0  0  0  0/0    21:11   4:35   0:00 
Henrik Sedin             0  0  0  -2  2   4  0  0  0  0  18/35  23:15   3:54   1:58 
John Gaudreau            0  1  1  -3  0   2  2  0  0  0  0/0    20:42   3:18   0:00 
Kyle Okposo              0  0  0  -1  0   2  0  0  0  0  1/1    15:15   3:18   0:00 
Maxime Talbot            0  0  0   0  2   0  0  0  0  0  5/14   12:10   0:00   1:55 
Nick Spaling             1  0  1   1  0   2  0  0  0  0  0/1     8:50   0:00   1:47 
Patric Hornqvist         0  0  0   0  2   5  4  0  0  0  0/0    20:30   3:54   0:00 
Radim Vrbata             0  0  0  -2  0   4  1  0  0  0  2/2    21:18   3:54   0:00 
Tobias Rieder            0  1  1   1  0   1  0  0  0  0  2/5     6:15   0:00   0:00 
Travis Zajac             1  0  1  -1  0   2  0  0  0  0  22/43  19:40   3:18   6:10 
Troy Brouwer             0  0  0   0  0   2  1  0  0  0  0/0    15:15   0:00   5:07 

Players Stats for Sabres

Player Name              G  A  P  +/- PIM S  H  SB GA TA FO     MP     PP MP  PK MP  
------------------------------------------------------------------------------------
Anthony Duclair          0  0  0   0  0   1  1  1  0  0  1/1    14:18   4:50   0:00 
Brad Boyes               0  0  0   0  0   4  0  0  0  0  7/19   14:18   4:50   0:00 
Braydon Coburn           0  2  2   2  0   0  3  2  0  0  0/0    16:15   0:00   3:45 
Daniel Winnik            0  0  0   0  2   6  3  0  0  0  2/3    15:40   0:00   1:45 
Francois Beauchemin      0  2  2   1  0   1  0  4  0  0  0/0    23:28   3:58   3:27 
Grant Clitsome           0  0  0   0  0   0  0  0  0  0  0/0     4:51   4:51   0:00 
Jacob Josefson           0  0  0   1  0   0  0  0  0  0  1/4     2:22   0:00   0:00 
Johnny Oduya             0  0  0   0  0   0  0  0  0  0  0/0    13:45   0:00   3:27 
Josh Gorges              0  1  1   1  0   0  1  0  0  0  0/0    21:23   0:00   3:45 
Kris Versteeg            0  1  1   2  0   3  2  0  0  0  0/1    21:07   0:00   4:49 
Kyle Palmieri            0  0  0   0  0   1  0  0  0  0  2/2     9:28   0:00   0:00 
Kyle Turris              1  0  1   0  0   6  1  0  0  0  24/39  22:50   3:59   0:38 
Lars Eller               1  0  1   1  0   4  2  0  0  0  10/29  18:45   0:00   4:49 
Nazem Kadri              1  0  1   1  0   3  2  0  0  0  0/1     9:35   4:50   2:23 
Nino Niederreiter        0  0  0   0  0   1  2  0  0  0  3/3    22:12   3:59   0:00 
Oliver Ekman-Larsson     0  2  2   0  4   1  1  0  0  0  0/0    25:07   3:58   0:00 
Rasmus Ristolainen       0  0  0   0  2   1  0  1  0  0  0/0    15:08   4:51   0:00 
Thomas Vanek             1  0  1   0  0   3  0  0  0  0  1/1    22:12   3:59   0:00 

3 Stars

1 - Braydon Coburn (BUF)
2 - Nazem Kadri (BUF)
3 - Lars Eller (BUF)

Power Play

Lightning - 1 on 4 Attempt(s) - 25.00%
Sabres - 1 on 5 Attempt(s) - 20.00%

Penalty Kill

Lightning - 4 on 5 Attempt(s) - 80.00% - Score 0 goal in Penalty Kill
Sabres - 3 on 4 Attempt(s) - 75.00% - Score 1 goal in Penalty Kill

Team Stat

Lightning - Hits : 14 - Faceoff Wins : 52 - Blocked Shots : 6 - Penalty Minutes : 10
Sabres - Hits : 18 - Faceoff Wins : 51 - Blocked Shots : 8 - Penalty Minutes : 8

Official

Referees : Dan O'Halloran and Jon Mclsaac
Linesman : Tim Nowak and Thor Nelson

Game Notes

Eric Fehr is injured at 12:45 of 2nd period (Upper Body)

Finance

Level 1 -- Attendance: 5947 (91.49%) -- Ticket Income $535,230
Level 2 -- Attendance: 4805 (96.10%) -- Ticket Income $360,375
Level 3 -- Attendance: 3025 (86.43%) -- Ticket Income $166,375
Level 4 -- Attendance: 2806 (91.40%) -- Ticket Income $98,210
Luxury Box -- Attendance: 871 (87.10%) -- Ticket Income $174,200
Game was played at the First Niagara Center.
Total Attendance: 17454 (91.53%)
Total Ticket Income: $1,334,390
Other Income: $200,158
Total Income: $1,534,548

% Time on Ice - Lightning

Lines # - Real PCT - Wanted PCT - Time Play
Normal Forward
1 - 40% - 40% - 17:24
2 - 23% - 30% - 10:12
3 - 23% - 20% - 10:08
4 - 14% - 10% - 6:15
Normal Defense
1 - 38% - 40% - 16:36
2 - 25% - 30% - 10:56
3 - 33% - 20% - 14:26
4 - 5% - 10% - 2:01
PP Forward
1 - 54% - 60% - 3:54
2 - 46% - 40% - 3:18
PP Defense
1 - 64% - 60% - 4:35
2 - 36% - 40% - 2:37
PK Forward
1 - 69% - 60% - 6:04
2 - 31% - 40% - 2:45
PK Defense
1 - 60% - 60% - 5:16
2 - 40% - 40% - 3:33
PK3 Forward
1 - 0% - 60%
2 - 0% - 40%
PK3 Defense
1 - 0% - 60%
2 - 0% - 40%
44 Forward
1 - 0% - 60%
2 - 0% - 40%
44 Defense
1 - 0% - 60%
2 - 0% - 40%
Last Minute Offensive  - 0:00
Last Minute Defensive  - 0:00
Total
Forward - 60:00
Defense - 60:00

% Time on Ice - Sabres

Lines # - Real PCT - Wanted PCT - Time Play
Normal Forward
1 - 41% - 40% - 18:13
2 - 32% - 30% - 13:56
3 - 22% - 20% - 9:28
4 - 5% - 10% - 2:22
Normal Defense
1 - 40% - 40% - 17:38
2 - 28% - 30% - 12:30
3 - 23% - 20% - 10:18
4 - 8% - 10% - 3:33
PP Forward
1 - 45% - 60% - 3:59
2 - 55% - 40% - 4:50
PP Defense
1 - 45% - 60% - 3:58
2 - 55% - 40% - 4:51
PK Forward
1 - 67% - 60% - 4:49
2 - 33% - 40% - 2:23
PK Defense
1 - 48% - 60% - 3:27
2 - 52% - 40% - 3:45
PK3 Forward
1 - 0% - 60%
2 - 0% - 40%
PK3 Defense
1 - 0% - 60%
2 - 0% - 40%
44 Forward
1 - 0% - 60%
2 - 0% - 40%
44 Defense
1 - 0% - 60%
2 - 0% - 40%
Last Minute Offensive  - 0:00
Last Minute Defensive  - 0:00
Total
Forward - 60:00
Defense - 60:00

Play by Play

1st period


0:01 of 1st period - Kyle Turris wins face-off versus Henrik Sedin in neutral zone.
0:22 of 1st period - Shot by Thomas Vanek.
0:22 of 1st period - Goal by Thomas Vanek - Lightning : 0 - Sabres : 1.
0:23 of 1st period - Travis Zajac wins face-off versus Lars Eller in neutral zone.
0:28 of 1st period - Shot by Kyle Okposo.
0:28 of 1st period - Stopped by Ondrej Pavelec without a rebound.
0:29 of 1st period - Maxime Talbot wins face-off versus Brad Boyes in Sabres zone.
0:54 of 1st period - Shot by Eric Fehr.
0:54 of 1st period - Stopped by Ondrej Pavelec without a rebound.
0:55 of 1st period - Travis Zajac wins face-off versus Lars Eller in Sabres zone.
0:55 of 1st period - Travis Zajac is hit by Braydon Coburn.
1:04 of 1st period - Shot by Patric Hornqvist.
1:04 of 1st period - Stopped by Ondrej Pavelec with a rebound.
1:10 of 1st period - Shot by Patric Hornqvist.
1:10 of 1st period - Shot Misses the Net.
1:12 of 1st period - Shot by Travis Zajac.
1:12 of 1st period - Shot Blocked by Braydon Coburn.
1:14 of 1st period - Shot by Erik Gudbranson.
1:14 of 1st period - Shot Blocked by Francois Beauchemin.
1:20 of 1st period - Shot by Kyle Okposo.
1:20 of 1st period - Shot Misses the Net.
1:22 of 1st period - Shot by Travis Zajac.
1:22 of 1st period - Stopped by Ondrej Pavelec without a rebound.
1:23 of 1st period - Kyle Turris wins face-off versus Henrik Sedin in Sabres zone.
2:46 of 1st period - Shot by Tobias Rieder.
2:46 of 1st period - Shot Misses the Net.
2:48 of 1st period - Shot by Nick Spaling.
2:48 of 1st period - Shot Misses the Net.
2:50 of 1st period - Shot by Nick Spaling.
2:50 of 1st period - Goal by Nick Spaling - Lightning : 1 - Sabres : 1.
2:51 of 1st period - Travis Zajac wins face-off versus Lars Eller in neutral zone.
2:59 of 1st period - Icing by Daniel Winnik.
3:00 of 1st period - Travis Zajac wins face-off versus Lars Eller in Sabres zone.
3:13 of 1st period - Off-side.
3:14 of 1st period - Maxime Talbot wins face-off versus Brad Boyes in neutral zone.
3:33 of 1st period - Shot by Brad Boyes.
3:33 of 1st period - Shot Misses the Net.
3:35 of 1st period - Shot by Anthony Duclair.
3:35 of 1st period - Shot Misses the Net.
3:37 of 1st period - Shot by Brad Boyes.
3:37 of 1st period - Stopped by Jaroslav Halak without a rebound.
3:38 of 1st period - Henrik Sedin wins face-off versus Jacob Josefson in Lightning zone.
3:43 of 1st period - Shot by John Gaudreau.
3:43 of 1st period - Shot Misses the Net.
4:05 of 1st period - Shot by Nazem Kadri.
4:05 of 1st period - Goal by Nazem Kadri - Lightning : 1 - Sabres : 2.
4:06 of 1st period - Brad Boyes wins face-off versus Travis Zajac in neutral zone.
4:12 of 1st period - Brad Boyes is hit by Christian Ehrhoff and loses puck.
4:23 of 1st period - Shot by Brad Boyes.
4:23 of 1st period - Shot Misses the Net.
4:25 of 1st period - Shot by Rasmus Ristolainen.
4:25 of 1st period - Shot Blocked by Christian Ehrhoff.
5:17 of 1st period - Shot by Daniel Winnik.
5:17 of 1st period - Stopped by Jaroslav Halak without a rebound.
5:18 of 1st period - Thomas Vanek wins face-off versus Henrik Sedin in Lightning zone.
5:33 of 1st period - Shot by Kyle Turris.
5:33 of 1st period - Shot Misses the Net.
6:36 of 1st period - Icing by Erik Gudbranson.
6:37 of 1st period - Henrik Sedin wins face-off versus Brad Boyes in Lightning zone.
6:53 of 1st period - Shot by Brad Boyes.
6:53 of 1st period - Stopped by Jaroslav Halak without a rebound.
6:54 of 1st period - Jacob Josefson wins face-off versus Maxime Talbot in Lightning zone.
7:25 of 1st period - Shot by Nazem Kadri.
7:25 of 1st period - Shot Misses the Net.
7:33 of 1st period - Shot by Troy Brouwer.
7:33 of 1st period - Stopped by Ondrej Pavelec with a rebound.
7:35 of 1st period - Shot by Troy Brouwer.
7:35 of 1st period - Shot Misses the Net.
7:37 of 1st period - Shot by Eric Fehr.
7:37 of 1st period - Stopped by Ondrej Pavelec without a rebound.
7:38 of 1st period - Nino Niederreiter wins face-off versus Travis Zajac in Sabres zone.
7:38 of 1st period - Nino Niederreiter is hit by Patric Hornqvist.
7:43 of 1st period - Off-side.
7:44 of 1st period - Kyle Turris wins face-off versus Travis Zajac in neutral zone.
7:44 of 1st period - Kyle Turris is hit by Patric Hornqvist.
7:47 of 1st period - Oliver Ekman-Larsson is hit by Brad Hunt.
7:55 of 1st period - Shot by Oliver Ekman-Larsson.
7:55 of 1st period - Shot Misses the Net.
8:09 of 1st period - Shot by Patric Hornqvist.
8:09 of 1st period - Stopped by Ondrej Pavelec without a rebound.
8:10 of 1st period - Kyle Palmieri wins face-off versus Nick Spaling in Sabres zone.
8:33 of 1st period - Minor Penalty to Rasmus Ristolainen for Interference.
8:34 of 1st period - Lars Eller wins face-off versus Henrik Sedin in Sabres zone.
8:34 of 1st period - Lars Eller is hit by Patric Hornqvist.
8:41 of 1st period - Icing by Patric Hornqvist.
8:42 of 1st period - Henrik Sedin wins face-off versus Lars Eller in Lightning zone.
8:42 of 1st period - Henrik Sedin is hit by Lars Eller.
8:55 of 1st period - Icing by Henrik Sedin.
8:56 of 1st period - Henrik Sedin wins face-off versus Lars Eller in Lightning zone.
9:09 of 1st period - Icing by Andrej Sekera.
9:10 of 1st period - Henrik Sedin wins face-off versus Lars Eller in Lightning zone.
9:10 of 1st period - Henrik Sedin is hit by Kris Versteeg.
9:20 of 1st period - Shot by Radim Vrbata.
9:20 of 1st period - Deflect By Henrik Sedin.
9:20 of 1st period - Stopped by Ondrej Pavelec without a rebound.
9:21 of 1st period - Lars Eller wins face-off versus Travis Zajac in Sabres zone.
10:40 of 1st period - Minor Penalty to Oliver Ekman-Larsson for Hooking.
10:41 of 1st period - Henrik Sedin wins face-off versus Daniel Winnik in Sabres zone.
10:56 of 1st period - Shot by Radim Vrbata.
10:56 of 1st period - Shot Misses the Net.
10:58 of 1st period - Shot by Henrik Sedin.
10:58 of 1st period - Shot Blocked by Francois Beauchemin.
11:00 of 1st period - Shot by Andrej Sekera.
11:00 of 1st period - Stopped by Ondrej Pavelec with a rebound.
11:31 of 1st period - Shot by John Gaudreau.
11:31 of 1st period - Shot Blocked by Francois Beauchemin.
11:45 of 1st period - Shot by Kyle Okposo.
11:45 of 1st period - Stopped by Ondrej Pavelec without a rebound.
11:46 of 1st period - Lars Eller wins face-off versus Travis Zajac in Sabres zone.
11:46 of 1st period - Lars Eller is hit by John Gaudreau.
12:04 of 1st period - Icing by John Gaudreau.
12:05 of 1st period - Travis Zajac wins face-off versus Lars Eller in Lightning zone.
12:30 of 1st period - Lars Eller is hit by Patric Hornqvist and loses puck.
14:04 of 1st period - Off-side.
14:05 of 1st period - Travis Zajac wins face-off versus Lars Eller in neutral zone.
14:50 of 1st period - Icing by Christian Ehrhoff.
14:51 of 1st period - Travis Zajac wins face-off versus Kyle Turris in Lightning zone.
14:51 of 1st period - Travis Zajac is hit by Nino Niederreiter.
15:12 of 1st period - Shot by Radim Vrbata.
15:12 of 1st period - Shot Blocked by Francois Beauchemin.
15:14 of 1st period - Shot by John Gaudreau.
15:14 of 1st period - Shot Misses the Net.
15:22 of 1st period - Shot by John Gaudreau.
15:22 of 1st period - Deflect By Radim Vrbata.
15:22 of 1st period - Shot Misses the Net.
15:24 of 1st period - Shot by Erik Gudbranson.
15:24 of 1st period - Shot Misses the Net.
15:26 of 1st period - Shot by Henrik Sedin.
15:26 of 1st period - Shot Misses the Net.
15:37 of 1st period - John Gaudreau is hit by Braydon Coburn and loses puck.
15:49 of 1st period - Icing by Braydon Coburn.
15:50 of 1st period - Eric Fehr wins face-off versus Kyle Turris in Sabres zone.
16:03 of 1st period - Shot by Nick Spaling.
16:03 of 1st period - Stopped by Ondrej Pavelec without a rebound.
16:04 of 1st period - Travis Zajac wins face-off versus Lars Eller in Sabres zone.
16:04 of 1st period - Travis Zajac is hit by Oliver Ekman-Larsson.
16:27 of 1st period - Shot by Kris Versteeg.
16:27 of 1st period - Stopped by Jaroslav Halak with a rebound.
16:29 of 1st period - Shot by Daniel Winnik.
16:29 of 1st period - Deflect By Lars Eller.
16:29 of 1st period - Shot Misses the Net.
16:31 of 1st period - Shot by Oliver Ekman-Larsson.
16:31 of 1st period - Shot Misses the Net.
16:33 of 1st period - Shot by Lars Eller.
16:33 of 1st period - Stopped by Jaroslav Halak without a rebound.
16:34 of 1st period - Kyle Palmieri wins face-off versus Henrik Sedin in Lightning zone.
17:31 of 1st period - Minor Penalty to Erik Gudbranson for Hooking.
17:32 of 1st period - Kyle Turris wins face-off versus Travis Zajac in Lightning zone.
17:55 of 1st period - Shot by Oliver Ekman-Larsson.
17:55 of 1st period - Shot Misses the Net.
18:33 of 1st period - Shot by Grant Clitsome.
18:33 of 1st period - Shot Blocked by David Schlemko.
18:35 of 1st period - Shot by Rasmus Ristolainen.
18:35 of 1st period - Stopped by Jaroslav Halak without a rebound.
18:36 of 1st period - Eric Fehr wins face-off versus Brad Boyes in Lightning zone.
18:36 of 1st period - Eric Fehr is hit by Nazem Kadri.
18:58 of 1st period - Shot by Nazem Kadri.
18:58 of 1st period - Stopped by Jaroslav Halak with a rebound.
19:12 of 1st period - Eric Fehr is hit by Anthony Duclair and loses puck.
Goals for this period are 1 for Lightning vs 2 for Sabres.
Shots for this period are 12 for Lightning vs 9 for Sabres.

2nd period


0:01 of 2nd period - Henrik Sedin wins face-off versus Kyle Turris in neutral zone.
0:12 of 2nd period - Nino Niederreiter is hit by Christian Ehrhoff and loses puck.
0:56 of 2nd period - Francois Beauchemin is hit by Radim Vrbata and loses puck.
1:05 of 2nd period - Shot by Lars Eller.
1:05 of 2nd period - Shot Misses the Net.
1:07 of 2nd period - Shot by Daniel Winnik.
1:07 of 2nd period - Stopped by Jaroslav Halak without a rebound.
1:08 of 2nd period - Brad Boyes wins face-off versus Travis Zajac in Lightning zone.
1:23 of 2nd period - Shot by Brad Boyes.
1:23 of 2nd period - Stopped by Jaroslav Halak without a rebound.
1:24 of 2nd period - Lars Eller wins face-off versus Maxime Talbot in Lightning zone.
1:31 of 2nd period - Shot by Kris Versteeg.
1:31 of 2nd period - Shot Misses the Net.
1:50 of 2nd period - Shot by Daniel Winnik.
1:50 of 2nd period - Shot Blocked by Andre Benoit.
1:52 of 2nd period - Shot by Daniel Winnik.
1:52 of 2nd period - Stopped by Jaroslav Halak without a rebound.
1:53 of 2nd period - Kyle Turris wins face-off versus Travis Zajac in Lightning zone.
2:52 of 2nd period - Kyle Okposo is hit by Daniel Winnik and loses puck.
3:17 of 2nd period - Shot by Daniel Winnik.
3:17 of 2nd period - Stopped by Jaroslav Halak without a rebound.
3:18 of 2nd period - Radim Vrbata wins face-off versus Brad Boyes in Lightning zone.
3:30 of 2nd period - Off-side.
3:31 of 2nd period - Maxime Talbot wins face-off versus Jacob Josefson in neutral zone.
4:23 of 2nd period - Kris Versteeg is hit by Christian Ehrhoff and loses puck.
4:27 of 2nd period - Icing by Hampus Lindholm.
4:28 of 2nd period - Nino Niederreiter wins face-off versus Henrik Sedin in Lightning zone.
4:35 of 2nd period - Shot by Thomas Vanek.
4:35 of 2nd period - Stopped by Jaroslav Halak without a rebound.
4:36 of 2nd period - Henrik Sedin wins face-off versus Kyle Turris in Lightning zone.
4:58 of 2nd period - Shot by John Gaudreau.
4:58 of 2nd period - Shot Misses the Net.
5:00 of 2nd period - Shot by John Gaudreau.
5:00 of 2nd period - Shot Blocked by Braydon Coburn.
5:02 of 2nd period - Shot by John Gaudreau.
5:02 of 2nd period - Stopped by Ondrej Pavelec without a rebound.
5:03 of 2nd period - Kyle Okposo wins face-off versus Brad Boyes in Sabres zone.
5:16 of 2nd period - Shot by Kyle Okposo.
5:16 of 2nd period - Shot Blocked by Anthony Duclair.
5:46 of 2nd period - Shot by Kyle Okposo.
5:46 of 2nd period - Shot Blocked by Rasmus Ristolainen.
6:32 of 2nd period - Shot by Thomas Vanek.
6:32 of 2nd period - Stopped by Jaroslav Halak without a rebound.
6:33 of 2nd period - Tobias Rieder wins face-off versus Lars Eller in Lightning zone.
6:41 of 2nd period - Eric Fehr is hit by Josh Gorges and loses puck.
7:12 of 2nd period - Shot by Daniel Winnik.
7:12 of 2nd period - Deflect By Lars Eller.
7:12 of 2nd period - Shot Misses the Net.
7:27 of 2nd period - Icing by Eric Fehr.
7:28 of 2nd period - Kyle Turris wins face-off versus Tobias Rieder in Lightning zone.
7:39 of 2nd period - Shot by Kyle Turris.
7:39 of 2nd period - Shot Misses the Net.
7:41 of 2nd period - Shot by Thomas Vanek.
7:41 of 2nd period - Shot Misses the Net.
7:43 of 2nd period - Shot by Nino Niederreiter.
7:43 of 2nd period - Shot Blocked by Andre Benoit.
7:45 of 2nd period - Shot by Francois Beauchemin.
7:45 of 2nd period - Stopped by Jaroslav Halak without a rebound.
7:46 of 2nd period - Henrik Sedin wins face-off versus Jacob Josefson in Lightning zone.
7:58 of 2nd period - Icing by Hampus Lindholm.
7:59 of 2nd period - Kyle Turris wins face-off versus Henrik Sedin in Lightning zone.
8:00 of 2nd period - Shot by Oliver Ekman-Larsson.
8:00 of 2nd period - Stopped by Jaroslav Halak without a rebound.
8:01 of 2nd period - Henrik Sedin wins face-off versus Kyle Turris in Lightning zone.
8:32 of 2nd period - Icing by Henrik Sedin.
8:33 of 2nd period - Henrik Sedin wins face-off versus Lars Eller in Lightning zone.
8:33 of 2nd period - Henrik Sedin is hit by Kris Versteeg.
8:36 of 2nd period - Radim Vrbata is hit by Daniel Winnik and loses puck.
8:53 of 2nd period - Shot by Radim Vrbata.
8:53 of 2nd period - Stopped by Ondrej Pavelec with a rebound.
9:00 of 2nd period - Off-side.
9:01 of 2nd period - Kyle Turris wins face-off versus Travis Zajac in neutral zone.
9:16 of 2nd period - Shot by Nino Niederreiter.
9:16 of 2nd period - Shot Misses the Net.
9:18 of 2nd period - Shot by Oliver Ekman-Larsson.
9:18 of 2nd period - Shot Blocked by Erik Gudbranson.
9:33 of 2nd period - Icing by Josh Gorges.
9:34 of 2nd period - Kyle Turris wins face-off versus Maxime Talbot in Sabres zone.
9:43 of 2nd period - Off-side.
9:44 of 2nd period - Daniel Winnik wins face-off versus Tobias Rieder in neutral zone.
10:19 of 2nd period - Shot by Eric Fehr.
10:19 of 2nd period - Stopped by Ondrej Pavelec without a rebound.
10:20 of 2nd period - Henrik Sedin wins face-off versus Kyle Turris in Sabres zone.
10:42 of 2nd period - Minor Penalty to Henrik Sedin for Tripping.
10:43 of 2nd period - Travis Zajac wins face-off versus Brad Boyes in Lightning zone.
10:59 of 2nd period - Off-side.
11:00 of 2nd period - Travis Zajac wins face-off versus Kyle Turris in neutral zone.
11:21 of 2nd period - Icing by Oliver Ekman-Larsson.
11:22 of 2nd period - Kyle Turris wins face-off versus Travis Zajac in Sabres zone.
11:35 of 2nd period - Shot by Kyle Turris.
11:35 of 2nd period - Goal by Kyle Turris - Lightning : 1 - Sabres : 3.
11:36 of 2nd period - Henrik Sedin wins face-off versus Lars Eller in neutral zone.
11:39 of 2nd period - Johnny Oduya is hit by John Gaudreau and loses puck.
12:04 of 2nd period - Hampus Lindholm is hit by Lars Eller and loses puck.
12:12 of 2nd period - Icing by Hampus Lindholm.
12:13 of 2nd period - Kyle Turris wins face-off versus Henrik Sedin in Lightning zone.
12:16 of 2nd period - Shot by Nino Niederreiter.
12:16 of 2nd period - Stopped by Jaroslav Halak without a rebound.
12:17 of 2nd period - Travis Zajac wins face-off versus Kyle Turris in Lightning zone.
12:33 of 2nd period - Icing by Nino Niederreiter.
12:34 of 2nd period - Kyle Turris wins face-off versus Maxime Talbot in Sabres zone.
12:34 of 2nd period - Kyle Turris is hit by Troy Brouwer.
12:44 of 2nd period - Eric Fehr is hit by Nino Niederreiter and loses puck.
12:45 of 2nd period - Eric Fehr from Lightning is injured at 12:45 of 2nd period (Upper Body).
12:46 of 2nd period - Lars Eller wins face-off versus Travis Zajac in Lightning zone.
12:46 of 2nd period - Lars Eller is hit by Erik Gudbranson.
12:50 of 2nd period - Shot by Kris Versteeg.
12:50 of 2nd period - Deflect By Lars Eller.
12:50 of 2nd period - Stopped by Jaroslav Halak with a rebound.
13:20 of 2nd period - Shot by Travis Zajac.
13:20 of 2nd period - Shot Hit the Post.
13:22 of 2nd period - Shot by Patric Hornqvist.
13:22 of 2nd period - Stopped by Ondrej Pavelec without a rebound.
13:23 of 2nd period - Kyle Turris wins face-off versus Maxime Talbot in Sabres zone.
13:38 of 2nd period - Shot by Troy Brouwer.
13:38 of 2nd period - Stopped by Ondrej Pavelec with a rebound.
13:40 of 2nd period - Shot by Nick Spaling.
13:40 of 2nd period - Shot Misses the Net.
14:23 of 2nd period - Icing by Hampus Lindholm.
14:24 of 2nd period - Daniel Winnik wins face-off versus Henrik Sedin in Lightning zone.
14:48 of 2nd period - Henrik Sedin is hit by Braydon Coburn and loses puck.
14:58 of 2nd period - Icing by Braydon Coburn.
14:59 of 2nd period - Lars Eller wins face-off versus Travis Zajac in Sabres zone.
15:01 of 2nd period - Minor Penalty to Patric Hornqvist for Boarding.
15:02 of 2nd period - Travis Zajac wins face-off versus Brad Boyes in Lightning zone.
15:02 of 2nd period - Travis Zajac is hit by Nazem Kadri.
15:30 of 2nd period - Shot by Anthony Duclair.
15:30 of 2nd period - Stopped by Jaroslav Halak without a rebound.
15:31 of 2nd period - Kyle Turris wins face-off versus Travis Zajac in Lightning zone.
16:10 of 2nd period - Shot by Henrik Sedin.
16:10 of 2nd period - Stopped by Ondrej Pavelec without a rebound.
16:11 of 2nd period - Travis Zajac wins face-off versus Brad Boyes in Sabres zone.
16:31 of 2nd period - Shot by Troy Brouwer.
16:31 of 2nd period - Shot Misses the Net.
16:59 of 2nd period - Shot by Henrik Sedin.
16:59 of 2nd period - Stopped by Ondrej Pavelec without a rebound.
17:00 of 2nd period - Travis Zajac wins face-off versus Kyle Turris in Sabres zone.
17:07 of 2nd period - Shot by Tobias Rieder.
17:07 of 2nd period - Shot Misses the Net.
17:37 of 2nd period - Shot by Kris Versteeg.
17:37 of 2nd period - Shot Misses the Net.
17:39 of 2nd period - Shot by Daniel Winnik.
17:39 of 2nd period - Stopped by Jaroslav Halak without a rebound.
17:40 of 2nd period - Kyle Turris wins face-off versus Henrik Sedin in Lightning zone.
17:48 of 2nd period - Icing by Andrej Sekera.
17:49 of 2nd period - Kyle Turris wins face-off versus Henrik Sedin in Lightning zone.
18:22 of 2nd period - Shot by Kyle Turris.
18:22 of 2nd period - Shot Misses the Net.
18:40 of 2nd period - Icing by Radim Vrbata.
18:41 of 2nd period - Henrik Sedin wins face-off versus Lars Eller in Lightning zone.
19:08 of 2nd period - Shot by Kris Versteeg.
19:08 of 2nd period - Stopped by Jaroslav Halak without a rebound.
19:09 of 2nd period - Brad Boyes wins face-off versus Maxime Talbot in Lightning zone.
19:36 of 2nd period - Shot by Patric Hornqvist.
19:36 of 2nd period - Shot Misses the Net.
19:46 of 2nd period - Shot by Troy Brouwer.
19:46 of 2nd period - Shot Misses the Net.
19:48 of 2nd period - Shot by Maxime Talbot.
19:48 of 2nd period - Shot Misses the Net.
Goals for this period are 0 for Lightning vs 1 for Sabres.
Shots for this period are 7 for Lightning vs 14 for Sabres.

3rd period


0:01 of 3rd period - Kyle Turris wins face-off versus Travis Zajac in neutral zone.
0:07 of 3rd period - Icing by Christian Ehrhoff.
0:08 of 3rd period - Travis Zajac wins face-off versus Kyle Turris in Lightning zone.
0:18 of 3rd period - Shot by Patric Hornqvist.
0:18 of 3rd period - Stopped by Ondrej Pavelec without a rebound.
0:19 of 3rd period - Henrik Sedin wins face-off versus Lars Eller in Sabres zone.
0:20 of 3rd period - Shot by Radim Vrbata.
0:20 of 3rd period - Shot Misses the Net.
0:30 of 3rd period - Shot by Henrik Sedin.
0:30 of 3rd period - Shot Misses the Net.
0:34 of 3rd period - Shot by Henrik Sedin.
0:34 of 3rd period - Shot Misses the Net.
0:36 of 3rd period - Shot by Henrik Sedin.
0:36 of 3rd period - Shot Misses the Net.
0:38 of 3rd period - Shot by Radim Vrbata.
0:38 of 3rd period - Stopped by Ondrej Pavelec without a rebound.
0:39 of 3rd period - Travis Zajac wins face-off versus Kyle Turris in Sabres zone.
0:56 of 3rd period - Shot by Patric Hornqvist.
0:56 of 3rd period - Stopped by Ondrej Pavelec without a rebound.
0:57 of 3rd period - Lars Eller wins face-off versus Henrik Sedin in Sabres zone.
1:28 of 3rd period - Shot by Radim Vrbata.
1:28 of 3rd period - Stopped by Ondrej Pavelec without a rebound.
1:29 of 3rd period - Kyle Turris wins face-off versus Travis Zajac in Sabres zone.
1:52 of 3rd period - Shot by Kyle Turris.
1:52 of 3rd period - Stopped by Jaroslav Halak without a rebound.
1:53 of 3rd period - Anthony Duclair wins face-off versus Maxime Talbot in Lightning zone.
2:57 of 3rd period - Shot by Thomas Vanek.
2:57 of 3rd period - Shot Blocked by Brad Hunt.
3:10 of 3rd period - Icing by Braydon Coburn.
3:11 of 3rd period - Kyle Turris wins face-off versus Henrik Sedin in Sabres zone.
3:19 of 3rd period - Minor Penalty to Christian Ehrhoff for Hooking.
3:20 of 3rd period - Travis Zajac wins face-off versus Brad Boyes in Lightning zone.
3:44 of 3rd period - Shot by Nazem Kadri.
3:44 of 3rd period - Stopped by Jaroslav Halak with a rebound.
3:46 of 3rd period - Shot by Brad Boyes.
3:46 of 3rd period - Shot Misses the Net.
4:59 of 3rd period - Icing by Anthony Duclair.
5:00 of 3rd period - Travis Zajac wins face-off versus Brad Boyes in Sabres zone.
5:06 of 3rd period - Icing by Rasmus Ristolainen.
5:07 of 3rd period - Brad Boyes wins face-off versus Travis Zajac in Sabres zone.
5:26 of 3rd period - Off-side.
5:27 of 3rd period - Radim Vrbata wins face-off versus Lars Eller in neutral zone.
5:37 of 3rd period - Icing by Lars Eller.
5:38 of 3rd period - Maxime Talbot wins face-off versus Lars Eller in Sabres zone.
6:02 of 3rd period - Minor Penalty to Maxime Talbot for Holding.
6:03 of 3rd period - Travis Zajac wins face-off versus Kyle Turris in Lightning zone.
7:14 of 3rd period - Shot by Brad Boyes.
7:14 of 3rd period - Stopped by Jaroslav Halak without a rebound.
7:15 of 3rd period - Travis Zajac wins face-off versus Brad Boyes in Lightning zone.
7:37 of 3rd period - Anthony Duclair is hit by David Schlemko and loses puck.
8:11 of 3rd period - Shot by Lars Eller.
8:11 of 3rd period - Shot Misses the Net.
9:05 of 3rd period - Icing by Oliver Ekman-Larsson.
9:06 of 3rd period - Tobias Rieder wins face-off versus Kyle Turris in Sabres zone.
9:39 of 3rd period - Shot by Tobias Rieder.
9:39 of 3rd period - Shot Misses the Net.
10:11 of 3rd period - Shot by Daniel Winnik.
10:11 of 3rd period - Shot Misses the Net.
10:13 of 3rd period - Shot by Daniel Winnik.
10:13 of 3rd period - Stopped by Jaroslav Halak with a rebound.
10:15 of 3rd period - Shot by Lars Eller.
10:15 of 3rd period - Stopped by Jaroslav Halak without a rebound.
10:16 of 3rd period - Brad Boyes wins face-off versus Maxime Talbot in Lightning zone.
10:34 of 3rd period - Icing by Rasmus Ristolainen.
10:35 of 3rd period - Brad Boyes wins face-off versus Henrik Sedin in Sabres zone.
11:18 of 3rd period - Minor Penalty to Daniel Winnik for Hooking.
11:19 of 3rd period - Lars Eller wins face-off versus Travis Zajac in Sabres zone.
11:48 of 3rd period - Shot by Kris Versteeg.
11:48 of 3rd period - Shot Misses the Net.
11:50 of 3rd period - Shot by Lars Eller.
11:50 of 3rd period - Goal by Lars Eller - Lightning : 1 - Sabres : 4.
11:51 of 3rd period - Henrik Sedin wins face-off versus Lars Eller in neutral zone.
12:10 of 3rd period - Shot by Radim Vrbata.
12:10 of 3rd period - Stopped by Ondrej Pavelec without a rebound.
12:11 of 3rd period - Lars Eller wins face-off versus Travis Zajac in Sabres zone.
12:30 of 3rd period - Shot by Hampus Lindholm.
12:30 of 3rd period - Shot Misses the Net.
12:32 of 3rd period - Shot by Andrej Sekera.
12:32 of 3rd period - Shot Misses the Net.
12:58 of 3rd period - Shot by Radim Vrbata.
12:58 of 3rd period - Shot Misses the Net.
13:00 of 3rd period - Shot by Henrik Sedin.
13:00 of 3rd period - Stopped by Ondrej Pavelec without a rebound.
13:01 of 3rd period - Lars Eller wins face-off versus Henrik Sedin in Sabres zone.
14:05 of 3rd period - Icing by Brad Hunt.
14:06 of 3rd period - Kyle Turris wins face-off versus Maxime Talbot in Lightning zone.
14:25 of 3rd period - Maxime Talbot is hit by Kyle Turris and loses puck.
14:50 of 3rd period - Shot by Thomas Vanek.
14:50 of 3rd period - Deflect By Kyle Turris.
14:50 of 3rd period - Stopped by Jaroslav Halak without a rebound.
14:51 of 3rd period - Henrik Sedin wins face-off versus Kris Versteeg in Lightning zone.
14:55 of 3rd period - Hampus Lindholm is hit by Daniel Winnik and loses puck.
16:14 of 3rd period - Shot by Tobias Rieder.
16:14 of 3rd period - Stopped by Ondrej Pavelec without a rebound.
16:15 of 3rd period - Kyle Turris wins face-off versus Tobias Rieder in Sabres zone.
16:22 of 3rd period - Shot by Nino Niederreiter.
16:22 of 3rd period - Deflect By Kyle Turris.
16:22 of 3rd period - Stopped by Jaroslav Halak without a rebound.
16:23 of 3rd period - Kyle Turris wins face-off versus Henrik Sedin in Lightning zone.
16:32 of 3rd period - Shot by Kyle Turris.
16:32 of 3rd period - Stopped by Jaroslav Halak without a rebound.
16:33 of 3rd period - Travis Zajac wins face-off versus Kyle Turris in Lightning zone.
16:39 of 3rd period - Icing by Travis Zajac.
16:40 of 3rd period - Kyle Turris wins face-off versus Travis Zajac in Lightning zone.
16:55 of 3rd period - Shot by Kyle Turris.
16:55 of 3rd period - Stopped by Jaroslav Halak without a rebound.
16:56 of 3rd period - Brad Boyes wins face-off versus Henrik Sedin in Lightning zone.
16:59 of 3rd period - Shot by Brad Boyes.
16:59 of 3rd period - Deflect By Kyle Palmieri.
16:59 of 3rd period - Shot Misses the Net.
17:09 of 3rd period - Shot by Kyle Palmieri.
17:09 of 3rd period - Stopped by Jaroslav Halak without a rebound.
17:10 of 3rd period - Kyle Turris wins face-off versus Travis Zajac in Lightning zone.
17:18 of 3rd period - Off-side.
17:19 of 3rd period - Nino Niederreiter wins face-off versus Travis Zajac in neutral zone.
17:28 of 3rd period - Minor Penalty to Oliver Ekman-Larsson for Tripping.
17:29 of 3rd period - Henrik Sedin wins face-off versus Lars Eller in Sabres zone.
18:27 of 3rd period - Shot by Kris Versteeg.
18:27 of 3rd period - Stopped by Jaroslav Halak without a rebound.
18:28 of 3rd period - Travis Zajac wins face-off versus Nazem Kadri in Lightning zone.
18:39 of 3rd period - Shot by John Gaudreau.
18:39 of 3rd period - Stopped by Ondrej Pavelec with a rebound.
18:41 of 3rd period - Shot by Christian Ehrhoff.
18:41 of 3rd period - Shot Misses the Net.
18:43 of 3rd period - Shot by Travis Zajac.
18:43 of 3rd period - Goal by Travis Zajac - Lightning : 2 - Sabres : 4.
18:44 of 3rd period - Maxime Talbot wins face-off versus Kyle Turris in neutral zone.
18:53 of 3rd period - Shot by Kyle Okposo.
18:53 of 3rd period - Shot Misses the Net.
Goals for this period are 1 for Lightning vs 1 for Sabres.
Shots for this period are 9 for Lightning vs 12 for Sabres.